 Dungeon Crawl Stone Soup version 0.22-a0-538-g76cc104 (webtiles) character file.

326 inc the Skirmisher (level 6, -2/45 HPs)
             Began as an Octopode Ice Elementalist on June 23, 2018.
             Slain by an ice beast (11 damage)
             ... on level 5 of the Dungeon.
             The game lasted 00:05:30 (4724 turns).

inc the Skirmisher (Octopode Ice Elementalist)      Turns: 4724, Time: 00:05:31

Health: -2/45      AC:  1    Str:  7    XL:     6   Next: 49%
Magic:  9/9        EV: 13    Int: 19    God:
Gold:   170        SH:  0    Dex: 13    Spells: 5/9 levels left

rFire    . . .     SeeInvis .   g - +2 short sword (venom)
rCold    . . .     Gourm    .   (no shield)
rNeg     . . .     Faith    .   (helmet restricted)
rPois    .         Spirit   .   (no amulet)
rElec    .         Reflect  .   (no ring)
rCorr    .         Harm     .   (no ring)
MR       .....                  (no ring)
Stlth    ++++......             (no ring)
HPRegen  0.15/turn              (no ring)
MPRegen  0.11/turn              (no ring)
                                (no ring)
                                (no ring)

@: no status effects
A: almost no armour, stealthy swim, amphibious, 8 rings, constrict 8, camouflage
1, gelatinous body 1
a: no special abilities


You were on level 5 of the Dungeon.
You were not hungry.

You visited 1 branch of the dungeon, and saw 5 of its levels.

You collected 170 gold pieces.

Inventory:

Hand Weapons
 a - a +0 short sword
 g - a +2 short sword of venom (weapon)
Scrolls
 d - a scroll of fog {unknown}
 e - 7 scrolls of remove curse
 h - a scroll of random uselessness {unknown}
 k - a scroll of enchant armour {unknown}
 m - a scroll of enchant weapon {unknown}
 n - a scroll of noise {unknown}
 o - a scroll of teleportation
 q - a scroll of magic mapping {unknown}
 r - a scroll of fear {unknown}
Potions
 c - 2 potions of agility
 f - 3 potions of curing
 i - 2 potions of magic
 j - a potion of flight {unknown}
 l - a potion of cancellation {unknown}
 p - a potion of lignification {unknown}
 s - a potion of might {unknown}
 t - a potion of degeneration {unknown}
Comestibles
 b - 6 rations
 u - a chunk of flesh


   Skills:
 + Level 5.1 Fighting
 - Level 1.8 Short Blades
 - Level 2.0 Dodging
 + Level 4.8 Stealth
 - Level 2.0 Spellcasting
   Level 1.0 Conjurations
 - Level 3.0 Ice Magic


You had 5 spell levels left.
You knew the following spells:

 Your Spells              Type           Power        Failure   Level  Hunger
a - Freeze                Ice            ##..         4%          1    #......
b - Ozocubu's Armour      Chrm/Ice       #.......     26%         3    ###....

Your spell library contained the following spells:

 Spells                   Type           Power        Failure   Level  Hunger
 Throw Frost              Conj/Ice       #.....       11%         2    ###....
 Summon Ice Beast         Ice/Summ       #.......     65%         4    #####..
 Throw Icicle             Conj/Ice       #.......     58%         4    #####..


Dungeon Overview and Level Annotations

Branches:
Dungeon (5/15)
 Temple: D:4-7

Altars:
Hepliaklqana
Nemelex Xobeh
Qazlal
Sif Muna
Trog
Uskayaw


Innate Abilities, Weirdness & Mutations

You cannot wear most types of armour.
You are very stealthy in the water. (Stealth+)
You are amphibious.
You can wear up to eight rings at the same time.
You can use your tentacles to constrict eight enemies at once.
Your skin changes colour to match your surroundings (Stealth+).
Your rubbery body absorbs attacks. (AC +1, EV +1)


Message History

The ice beast hits you. The ice beast freezes you.
* * * LOW HITPOINT WARNING * * *
You hit the ice beast.
The ice beast is severely wounded.
The ice beast closely misses you.
You hit the ice beast but do no damage. You squeeze the ice beast.
The ice beast is severely wounded.
The ice beast hits you.
* * * LOW HITPOINT WARNING * * *
The ice beast freezes you!
* * * LOW HITPOINT WARNING * * *
Unknown command.
The ice beast looks more healthy.
It was a potion of curing.
You feel better.
You hit the ice beast.
The ice beast is almost dead.
The ice beast hits you.
* * * LOW HITPOINT WARNING * * *
The ice beast freezes you!
You die...

##.#.###
##.##.#.#########.#
.........................#
#..####......#.###########
#..#..#...#..#.#
#..#..#[_....#.#
#.#((#...#.##.#
#.####.....##.# #........#
#@# #.##.# #Y# #....# #.#
####.# #.# #.####.#
#......# ########


You could see an ice beast.

Vanquished Creatures
  A crimson imp (D:2)
  An orc priest (D:4)
  2 hounds (D:4)
  2 worker ants
  5 adders
  2 adder zombies
  A worm (D:2)
  2 dart slugs
  6 leopard geckos
  8 orcs
  A ball python (D:2)
  12 bats
  5 giant cockroaches
  8 goblins
  8 hobgoblins
  6 jackals
  6 kobolds
  5 frilled lizards
  8 rats
89 creatures vanquished.

Notes
Turn   | Place    | Note
-------+----------+-------------------------------------------
     0 | D:1      | inc the Octopode Ice Elementalist began the quest for the Orb.
     0 | D:1      | Reached XP level 1. HP: 11/11 MP: 3/3
    57 | D:1      | Reached skill level 1 in Fighting
    61 | D:1      | Reached XP level 2. HP: 11/18 MP: 5/5
   236 | D:1      | Reached skill level 2 in Fighting
   562 | D:1      | Reached XP level 3. HP: 25/25 MP: 6/6
  1176 | D:2      | Reached skill level 3 in Fighting
  1644 | D:2      | Reached XP level 4. HP: 28/31 MP: 7/7
  1695 | D:2      | Learned a level 3 spell: Ozocubu's Armour
  1753 | D:2      | Reached skill level 1 in Short Blades
  2283 | D:2      | Reached XP level 5. HP: 37/37 MP: 8/8
  2313 | D:2      | Reached skill level 4 in Fighting
  3497 | D:4      | Reached XP level 6. HP: 33/44 MP: 6/9
  3825 | D:3      | Reached skill level 5 in Fighting
  4157 | D:4      | Found a sparkling altar of Nemelex Xobeh.
  4602 | D:5      | Entered Level 5 of the Dungeon
  4619 | D:5      | Found a deep blue altar of Sif Muna.
  4619 | D:5      | Found a hazy altar of Hepliaklqana.
  4619 | D:5      | Found a stormy altar of Qazlal.
  4619 | D:5      | Found a bloodstained altar of Trog.
  4619 | D:5      | Found a hide-covered altar of Uskayaw.
  4622 | D:5      | Noticed an ice beast
  4648 | D:5      | Noticed a hand axe
  4695 | D:5      | Noticed a hand axe
  4709 | D:5      | HP: 1/45 [ice beast (9)]
  4724 | D:5      | Slain by an ice beast

Vault maps used:
D:1:      mrwooster_arrival_statue_3
D:3:      first_ration
D:4:      marbit_many_paths
D:5:      dancing_weapons_uskayaw, elyvilon_altar_3,
          chequers_temple_overflow_statue_of_worship, minmay_temple_entry_glass,
          basic_altar

Skill      XL: |  1  2  3  4  5  6 |
---------------+-------------------+-----
Fighting       | 1 2 3 4 5 |  5.1
Short Blades   | 1 |  1.8
Stealth        | 3 4 |  4.8
Dodging        | |  2.0
Spellcasting   | |  2.0
Conjurations   | |  1.0
Ice Magic      | |  3.0

Action                   |  1- 3 |  4- 6 || total
-------------------------+-------+-------++-------
Melee: Short sword       |    71 |   108 ||   179
       Constrict         |    22 |    23 ||    45
       Tentacles         |     7 |    15 ||    22
 Cast: Freeze            |       |    18 ||    18
       Ozocubu's Armour  |       |     1 ||     1
  Use: Scroll            |       |     4 ||     4
       Potion            |       |     1 ||     1
 Stab: Sleeping          |     7 |    22 ||    29
  Eat: Chunk             |     2 |    10 ||    12
Armor: Skin              |     4 |     7 ||    11
Dodge: Dodged            |    48 |    57 ||   105

Table legend:
 A = Spawn XP
 B = Non-spawn XP
 C = Spawn XP percentage of total XP
 D = Spawn monster count
 E = Non-spawn monster count
 F = Spawn count percentage of total count
 G = Total turns spent on level
                    A         B        C        D         E        F      G
               +---------+---------+-------+---------+---------+-------+---------
         Total |       0 |     467 |   0.0 |       0 |      89 |   0.0 |  4724
               +---------+---------+-------+---------+---------+-------+---------
           D:1 |       0 |      48 |   0.0 |       0 |      25 |   0.0 |  1139
           D:2 |       0 |     158 |   0.0 |       0 |      32 |   0.0 |  1586
           D:3 |       0 |      86 |   0.0 |       0 |      24 |   0.0 |   964
           D:4 |       0 |     169 |   0.0 |       0 |       7 |   0.0 |   913
           D:5 |       0 |       6 |   0.0 |       0 |       1 |   0.0 |   122
               +---------+---------+-------+---------+---------+-------+---------
